 Dungeon Crawl Stone Soup version 0.20.1-1-g8b1a95d (webtiles) character file.

156 equalderp2856 the Magician (level 5, -2/36 HPs)
             Began as a Mummy Ice Elementalist on Oct 23, 2017.
             Slain by a killer bee (4 damage)
             ... on level 2 of the Dungeon.
             The game lasted 00:08:58 (4748 turns).

equalderp2856 the Magician (Mummy Ice Elementalist) Turns: 4748, Time: 00:08:59

Health: -2/36      AC:  5    Str: 11    XL:     5   Next: 14%
Magic:  8/12       EV: 12    Int: 16    God:
Gold:   70         SH:  0    Dex: 12    Spells: 4/13 levels left

rFire    x . .     SeeInvis .   (no weapon)
rCold    + . .     Gourm    .   (no shield)
rNeg     + + +     Faith    .   h - +0 leather armour
rPois    ∞         Spirit   .   i - +0 helmet
rElec    .         Reflect  .   l - +0 cloak
rCorr    .         Harm     .   (no gloves)
MR       .....                  (no boots)
Stlth    ++........             (no amulet)
Regen    0.2/turn               (no ring)
MPRegen  0.2/turn               (no ring)

@: very slightly contaminated
A: no food or potions, fire vulnerability, cold resistance 1, negative energy
resistance 3, torment resistance, unbreathing
a: no special abilities


You were on level 2 of the Dungeon.
You were not hungry.

You visited 1 branch of the dungeon, and saw 3 of its levels.

You collected 70 gold pieces.

Inventory:

Armour
 a - a +0 robe
 h - a +0 leather armour (worn)
 i - a +0 helmet (worn)
 l - a +0 cloak (worn)
Jewellery
 g - an uncursed amulet of regeneration {unknown}
Scrolls
 c - 4 scrolls of identify {unknown}
 d - a scroll of blinking {unknown}
 e - a scroll of remove curse {unknown}
 f - a scroll of enchant weapon {unknown}
 j - a scroll of fear {unknown}
 k - a scroll of enchant armour {unknown}
 m - a scroll of noise {unknown}
 n - a scroll of teleportation {unknown}
Books
 b - a book of Frost

   Spells                             Type                      Level
   a - Freeze                         Ice                          1
   b - Throw Frost                    Conjuration/Ice              2
   c - Ozocubu's Armour               Charms/Ice                   3
   d - Throw Icicle                   Conjuration/Ice              4
   e - Summon Ice Beast               Ice/Summoning                4


   Skills:
 + Level 0.4 Fighting
 + Level 0.5 Armour
 + Level 1.9 Dodging
 + Level 1.9 Stealth
 + Level 4.7 Spellcasting
 + Level 0.7 Conjurations
 + Level 0.2 Summonings
 + Level 3.4 Ice Magic


You had 4 spell levels left.
You knew the following spells:

 Your Spells              Type           Power        Failure   Level  Hunger
a - Freeze                Ice            ##..         4%          1    N/A
b - Throw Icicle          Conj/Ice       ##......     65%         4    N/A
c - Summon Ice Beast      Ice/Summ       #.......     67%         4    N/A

Dungeon Overview and Level Annotations

Branches:
Dungeon (3/15)

Altars:


Innate Abilities, Weirdness & Mutations

You do not eat or drink.
Your flesh is vulnerable to fire.
You are immune to poison.
Your flesh is cold resistant. (rC+)
You are immune to negative energy. (rN+++)
You are immune to unholy pain and torment.
You can survive without breathing.


Message History

The killer bee stings you.
There is a stone staircase leading up here.
Unknown command.
The killer bee barely misses you. x2; The killer bee stings you.
The killer bee misses you.
You climb upwards.
There is a stone staircase leading down here.
The killer bee stings you but does no damage.
The killer bee stings you!
The killer bee stings you but does no damage.
The killer bee stings you.
* * * LOW HITPOINT WARNING * * *
The killer bee stings you but does no damage.
The killer bee stings you.
* * * LOW HITPOINT WARNING * * *
The killer bee stings you.
* * * LOW HITPOINT WARNING * * *
The killer bee misses you. The killer bee closely misses you.
The killer bee stings you.
You die...

#.# ###...†...###..#.#....
#.# #.).......####........
#.# #.######......####....
#.###.### ##..##..##.....
#.##....# ##.....#......
#.##<...# #####...#....
#.##....# ##........
#.##....#########.........
#..#.>.yy@......[.##......
##.##################.....
#.# #..... #.### #.....
#...## #..... ###..##
#..... ##..# #..... ##.#
#..... #.## ##....


You could see 2 killer bees.

Vanquished Creatures
  A killer bee (D:2)
  A gnoll (D:1)
  2 adders (D:2)
  An ooze (D:3)
  2 worms (D:2)
  2 dart slugs (D:1)
  3 leopard geckos
  3 giant cockroaches (D:2)
  6 goblins
  5 hobgoblins
  8 jackals
  A ball python (D:1)
  6 bats
  A frilled lizard (D:2)
  7 kobolds
  6 rats (D:1)
55 creatures vanquished.

Vanquished Creatures (collateral kills)
  A gnoll shaman (D:2)
1 creature vanquished.

Grand Total: 56 creatures vanquished

Notes
Turn   | Place    | Note
-------+----------+-------------------------------------------
     0 | D:1      | equalderp2856 the Mummy Ice Elementalist began the quest for the Orb.
     0 | D:1      | Reached XP level 1. HP: 13/13 MP: 4/4
   811 | D:1      | Reached skill level 3 in Spellcasting
   811 | D:1      | Reached XP level 2. HP: 2/19 MP: 0/6
  1419 | D:1      | Reached XP level 3. HP: 19/24 MP: 2/7
  2566 | D:2      | Reached XP level 4. HP: 20/30 MP: 1/9
  2666 | D:2      | Learned a level 4 spell: Throw Icicle
  2850 | D:2      | Learned a level 4 spell: Summon Ice Beast
  2850 | D:2      | Noticed a spatial vortex
  3052 | D:1      | Reached skill level 4 in Spellcasting
  4030 | D:2      | Reached XP level 5. HP: 6/36 MP: 7/12
  4748 | D:2      | Slain by a killer bee

Skill      XL: |  1  2  3  4 |
---------------+-------------+-----
Spellcasting   | 3 4 |  4.7
Ice Magic      | 3 |  3.4
Fighting       | |  0.4
Armour         | |  0.5
Dodging        | |  1.9
Stealth        | |  1.9
Conjurations   | |  0.7
Summonings     | |  0.2

Action                   |  1- 3 |  4- 6 || total
-------------------------+-------+-------++-------
Melee: Unarmed           |    19 |    12 ||    31
 Cast: Freeze            |    69 |    34 ||   103
       Summon Ice Beast  |       |     7 ||     7
       Throw Icicle      |       |     2 ||     2
 Stab: Sleeping          |     1 |       ||     1
Armor: Robe              |    13 |       ||    13
       Leather armour    |       |    15 ||    15
Dodge: Dodged            |    47 |    50 ||    97
